 Dungeon Crawl Stone Soup version bcrawl-1.21.3 (webtiles) character file.

Game seed: 10543338286962545708

512 Flugslaktarn the Chopper (level 6, -8/39 HPs)
             Began as a Skeleton Archaeologist on Mar 30, 2020.
             Mangled by Duvessa
             ... wielding a cursed +0 short sword
              (11 damage)
             ... on level 4 of the Dungeon.
             The game lasted 00:02:22 (4097 turns).

Flugslaktarn the Chopper (Skeleton Archaeologist)   Turns: 4097, Time: 00:02:22

Health: -8/39      AC: 14    Str: 20    XL:     6   Next: 99%
Magic:  0/6        EV:  8    Int: 12    God:
Gold:   329        SH:  0    Dex:  7    Spells: 5/5 levels left

rFire    . . .     SeeInvis .   n - +1 battleaxe (vamp)
rCold    + . .     Gourm    .   (shield currently unavailable)
rNeg     + + +     Faith    .   q - +0 plate armour
rPois    ∞         Spirit   +   c - +1 hat
rElec    .         Reflect  .   (no cloak)
rCorr    .         Harm     .   (no gloves)
MR       .....                  k - +1 pair of boots
Stlth    +.........             (no amulet)
HPRegen  0.13/turn              l - ring of stealth
MPRegen  0.10/turn              (no ring)

@: about to teleport
A: no food or potions, cold resistance 1, deterioration 1, negative energy
resistance 3, powered by death 1, torment resistance, unbreathing, magic shield,
sturdy frame 1, spell healing
a: no special abilities


You were on level 4 of the Dungeon.
You were not hungry.

You visited 1 branch of the dungeon, and saw 5 of its levels.

You collected 329 gold pieces.

Inventory:

Hand Weapons
 a - a +0 whip
 g - a +1 dagger of flaming
   (You took it off a kobold on level 1 of the Dungeon)
 n - a +1 vampiric battleaxe (weapon)
   (You found it on level 2 of the Dungeon)
Armour
 c - a +1 hat (worn)
 k - a +1 pair of boots (worn)
   (You found it on level 1 of the Dungeon)
 q - a +0 plate armour (worn)
   (You found it on level 3 of the Dungeon)
Jewellery
 l - a ring of stealth (left hand)
   (You found it on level 1 of the Dungeon)
Scrolls
 e - a scroll of magic mapping
 f - a scroll of acquirement
 j - a scroll of fog
 m - a scroll of enchant weapon
 r - 2 scrolls of identify
 x - a scroll of remove curse


   Skills:
 + Level 4.7 Fighting
 * Level 5.2(5.3) Axes
 - Level 1.2(3.5) Maces & Flails
 + Level 3.3 Armour
 - Level 3.0 Dodging
 - Level 3.6 Stealth


You had 5 spell levels left.
You didn't know any spells.
Your spell library was empty.

Dungeon Overview and Level Annotations

Branches:
Dungeon (5/12)
 Temple: D:4-7

Altars:

Shops:
D:4 }   D:5 ?

Annotations:
D:2 Sigmund
D:4 Duvessa


Innate Abilities, Weirdness & Mutations

You do not eat or drink.
You are immune to poison.
Your flesh is cold resistant. (rC+)
Your body sometimes deteriorates upon taking damage.
You are immune to negative energy. (rN+++)
You regenerate a little health from kills.
You are immune to unholy pain and torment.
You can survive without breathing.
When hurt, damage is shared between your health and your magic reserves.
Your movements are slightly less encumbered by armour. (ER -2)
Casting spells heals you.


Message History

Something hits you but does no damage.
You miss Duvessa.
Duvessa is lightly wounded.
You closely miss something. Duvessa hits you but does no damage.
Duvessa barely misses you. Something hits you. Something shocks you.
You closely miss Duvessa.
Duvessa is lightly wounded.
You hit something but do no damage.
Duvessa hits you with a cursed +0 short sword!
* * * LOW HITPOINT WARNING * * *
Something hits you but does no damage. Duvessa hits you but does no damage.
Unknown command.
As you read the scroll of teleportation, it crumbles to dust.
You feel strangely unstable.
Duvessa hits you with a cursed +0 short sword.
* * * LOW HITPOINT WARNING * * *
Something hits you but does no damage. Duvessa barely misses you.
Unknown command.
Duvessa hits you with a cursed +0 short sword!
You die...

......................# .........
...:.....##...........# ........#
......................# ........#
...............#.....## ........#
.....##........#.....# ........#
.....####......#.....# ..>.....#
.......##......#.....# ........#
.......##......#.....###........#
.......##......#@......#.........
.......##......#e..†...#.........
.......##......#.......#########.
.......#########...)...# ##
.......# #.......# .......
............ ...... .....##......
........ ...... ##...... ......


You could see Duvessa (berserk).

Vanquished Creatures
  A sky beast (D:4)
  A bullfrog (D:4)
  Dowan (D:4)
  2 crimson imps
  A bullfrog zombie (D:3)
  A hound (D:4)
  A worker ant (D:4)
  3 gnolls (D:4)
  2 adders (D:3)
  2 oozes
  3 worms
  5 dart slugs
  4 leopard geckos
  3 orcs
  2 goblins (D:2)
  9 hobgoblins
  7 jackals
  2 ball pythons
  5 bats
  4 frilled lizards
  8 kobolds
  8 rats
75 creatures vanquished.

Notes
Turn   | Place    | Note
-------+----------+-------------------------------------------
     0 | D:1      | Flugslaktarn the Skeleton Archaeologist began the quest for
                  | the Orb.
     0 | D:1      | Reached XP level 1. HP: 12/12 MP: 1/1
   368 | D:1      | Reached XP level 2. HP: 17/17 MP: 2/2
  1089 | D:2      | Noticed Sigmund
  1152 | D:2      | Reached XP level 3. HP: 18/23 MP: 3/3
  2213 | D:3      | Reached skill level 1 in Axes
  2213 | D:3      | Reached XP level 4. HP: 28/28 MP: 4/4
  2257 | D:3      | Reached skill level 2 in Axes
  2257 | D:3      | Reached skill level 1 in Armour
  2628 | D:3      | Reached XP level 5. HP: 32/33 MP: 5/5
  2628 | D:3      | Identified a scroll of acquirement
  2999 | D:3      | Reached skill level 3 in Axes
  3527 | D:4      | Gained mutation: You regenerate a little health from kills.
                  | [Skeleton growth]
  3527 | D:4      | Reached XP level 6. HP: 16/38 MP: 0/6
  3738 | D:4      | Reached skill level 4 in Axes
  3865 | D:4      | Noticed a sky beast
  3918 | D:5      | Entered Level 5 of the Dungeon
  3918 | D:5      | Found Utucimm's Magic Scroll Shoppe.
  3940 | D:4      | Killed a sky beast
  4075 | D:4      | Noticed Duvessa
  4075 | D:4      | Noticed Dowan
  4077 | D:4      | Found Deoveq's Gadget Shop.
  4080 | D:4      | Noticed a sky beast
  4082 | D:4      | Reached skill level 5 in Axes
  4082 | D:4      | Killed Dowan
  4097 | D:4      | Mangled by Duvessa

Skill      XL: |  1  2  3  4  5  6 |
---------------+-------------------+-----
Fighting       | 2 3 4 |  4.7
Axes           | 1 2 3 5 |  5.2
Armour         | 1 2 3 |  3.3
Maces & Flails | |  1.2
Dodging        | |  3.0
Stealth        | |  3.6

Action                   |  1- 3 |  4- 6 || total
-------------------------+-------+-------++-------
Melee: Dagger            |   120 |       ||   120
       Whip              |     3 |       ||     3
       Battleaxe         |    56 |   159 ||   215
  Use: Scroll            |       |     7 ||     7
 Stab: Sleeping          |     6 |       ||     6
Armor: Robe              |    61 |    15 ||    76
       Plate armour      |       |   135 ||   135
Dodge: Dodged            |   120 |    84 ||   204
